 Dungeon Sprint DCSS version 0.29-a0-617-g7a6b98fccd (webtiles) character file.

Game seed: 12308776180572520264

2 mhtbhm the Sneak (level 1, -1/17 HPs)
             Began as a Palentonga Brigand on June 17, 2022.
             Killed by nerve-wracking pain
             ... invoked by Jessica
              (14 damage)
             ... in the Dungeon (Sprint III: "The Ten Rune Challenge").
             The game lasted 00:00:09 (31 turns).

mhtbhm the Sneak (Palentonga Brigand)                 Turns: 31, Time: 00:00:10

Health: -1/17      AC:  5    Str: 14    XL:     1   Next: 33%
Magic:  1/1        EV:  9    Int: 11    God:
Gold:   0          SH:  0    Dex: 11    Spells: 0/0 levels left

rFire   . . .      SeeInvis +   a - +2 dagger
rCold   . . .      Faith    .   (no shield)
rNeg    . . .      Spirit   .   b - +0 robe
rPois   .          Reflect  .   (no helmet)
rElec   .          Harm     .   c - +0 cloak
rCorr   .          Rampage  .   (no gloves)
Will    .....      NoTele   +   (no barding)
Stlth   ++........              (no amulet)
HPRegen 0.05/turn               (no ring)
MPRegen 0.07/turn               (no ring)

@: no status effects
A: large, rugged brown scales 3, see invisible, deformed body, roll 1, armoured
tail
a: Rolling Charge


You were in the Dungeon.
You visited 1 branch

Inventory:

Hand Weapons
 a - a +2 dagger (weapon)
Missiles
 d - 9 poisoned darts (quivered)
 e - 3 curare-tipped darts
Armour
 b - a +0 robe (worn)
 c - a +0 cloak (worn)
Scrolls
 k - a scroll of blinking
Potions
 f - a potion of curing
 g - a potion of heal wounds
 h - a potion of haste
 i - 2 potions of magic
 j - a potion of berserk rage


   Skills:
 + Level 2.0 Fighting
 + Level 2.0 Short Blades
 + Level 1.4 Throwing
 + Level 0.7 Dodging
 + Level 3.3 Stealth


You couldn't memorise any spells.
You didn't know any spells.
Your spell library was empty.

Dungeon Overview and Level Annotations

Branches:
Dungeon (1/1)

Altars:

Annotations:
D Jessica


Innate Abilities, Weirdness & Mutations

You are completely covered in rugged brown scales. (AC +3, +7% HP)
You have supernaturally acute eyesight. (SInv)
Armour fits poorly on your strangely shaped body.
You can roll at nearby foes to attack.
You have a long armoured tail.


Message History

No target in view!
No target in view!
No target in view!
No target in view!
No target in view!
No target in view!
No target in view!
No target in view!
No target in view!
No target in view!
No target in view!
You start resting.
HP restored.
You see here a +0 hand axe.
You open the door.
A rat comes into view.
Roll where?
Press: ? - help, Dir - move target, f - rat
Aim: a rat (asleep)
You roll forward with a clatter of scales!
Jessica the Apprentice Sorceress comes into view.
She is wielding a +0 dagger.
Found a scroll of blinking.
You hit the rat.
You kill the rat!
Unknown command.
You barely miss Jessica. Jessica hits you but does no damage.
You barely miss Jessica.
Your tail-slap misses Jessica.
Jessica hits you with a +0 dagger.
You hit Jessica but do no damage.
Your tail-slap misses Jessica.
Jessica hits you with a +0 dagger.
You hit Jessica.
Jessica is moderately wounded.
Jessica barely misses you.
You barely miss Jessica.
Your tail-slap misses Jessica.
Jessica is moderately wounded.
Jessica casts a spell.
Jessica blinks!
Jessica points at you and mumbles some strange words.
Pain shoots through your body!
Ouch! That really hurt!
You die...

▓▓▓▓
▓<.#
▓..#
▓#'####
▓.....#
▓.....#
▓....)#
▓####'#
▓@.@..#
▓...†.#
▓.....#
▓+#####


You could see Jessica.

Vanquished Creatures
  An endoplasm (D)
  2 rats (D)
3 creatures vanquished.

Notes
Turn   | Place    | Note
-------+----------+-------------------------------------------
     0 | D        | mhtbhm the Palentonga Brigand began the quest for the Orb.
     0 | D        | Reached XP level 1. HP: 17/17 MP: 1/1
     8 | D        | Reached skill level 3 in Stealth
    25 | D        | Noticed Jessica
    31 | D        | Killed from afar by Jessica

Illustrated notes

Levels and vault maps discovered:
D:        dungeon_sprint_mu [sprint_mu_entry_forest, sprint_mu_temple_rooms,
          sprint_mu_d1_spiders, sprint_mu_d2_genie, sprint_mu_d3_branching,
          sprint_mu_orc_legion, sprint_mu_elf_gauntlet, sprint_mu_hive_nellie,
          sprint_mu_lair_fedhas, sprint_mu_vaults_butterflies,
          sprint_mu_slime_circle, sprint_mu_swamp_cave, sprint_mu_shoals_archi,
          sprint_mu_blade_basic, sprint_mu_crypt_fortress,
          sprint_mu_tomb_spiral, sprint_mu_vestibule_basic,
          sprint_mu_gehenna_hellfire, sprint_mu_dis_giant,
          sprint_mu_tartarus_statrot, sprint_mu_cocytus_islands, sprint_mu_zot1]

Skill      XL: |  1 |
---------------+----+-----
Stealth        | 3 |  3.3
Fighting       | |  2.0
Short Blades   | |  2.0
Throwing       | |  1.4
Dodging        | |  0.7

Action                   || total
-------------------------++-------
Melee: Dagger            ||    11
       Tailslap          ||     1
 Abil: Rolling Charge    ||     2
Armor: Robe              ||     2
Dodge: Dodged            ||     2

Table legend: (Time is in decaauts)
 A = Elapsed time spent in this place.
 B = Non-inter-level travel time spent in this place.
 C = Inter-level travel time spent in this place.
 D = Time resting spent in this place.
 E = Time spent auto-exploring this place.
 F = Levels seen in this place.
 G = Mean time per level.
                   A        B        C        D        E       F      G
               +--------+--------+--------+--------+--------+-----+--------+
         Total |     30 |     30 |      0 |     11 |      1 |   1 |   30.0 |
       Dungeon |     30 |     30 |      0 |     11 |      1 |   1 |   30.0 |
               +--------+--------+--------+--------+--------+-----+--------+

Top non-repeatable levels by time:
       D: 30 daAuts
